 Dungeon Crawl Stone Soup version 0.29.0-5-ge4962eb29e (webtiles) character file.

Game seed: 3639357033592891657

104 Zeldest the Chopper (level 4, -1/35 HPs)
             Began as a Mummy Chaos Knight on Aug 30, 2022.
             Was a Plaything of Xom.
             Slain by Natasha (7 damage)
             ... on level 2 of the Dungeon.
             The game lasted 00:01:18 (1545 turns).

Zeldest the Chopper (Mummy Chaos Knight)            Turns: 1545, Time: 00:01:18

Health: -1/35      AC:  6    Str: 17    XL:     4   Next: 52%
Magic:  4/4        EV:  9    Int: 11    God:    Xom [*.....]
Gold:   101        SH:  0    Dex: 11    Spells: 3/3 levels left

rFire   x . .      SeeInvis .   a - +0 hand axe (chaos)
rCold   + . .      Faith    .   (no shield)
rNeg    + + +      Spirit   .   f - +0 scale mail
rPois   ∞          Reflect  .   (no helmet)
rElec   .          Harm     .   (no cloak)
rCorr   .          Rampage  .   (no gloves)
Will    .....                   (no boots)
Stlth   ..........              (no amulet)
HPRegen 0.11/turn               (no ring)
MPRegen 0.09/turn               (no ring)

@: slowed, very slow
A: cold resistance 1, negative energy resistance 3, torment resistance 2, heat
vulnerability 1, in touch with death 1, no potions
a: Renounce Religion


You were on level 2 of the Dungeon.
You worshipped Xom.
You were a special plaything of Xom.
You visited 1 branch of the dungeon, and saw 2 of its levels.

You collected 101 gold pieces.

Inventory:

Hand Weapons
 a - a +0 hand axe of chaos (weapon)
Armour
 b - a +2 leather armour
 f - a +0 scale mail (worn)
Jewellery
 i - an amulet of faith
Wands
 j - a wand of polymorph (7)
Scrolls
 d - a scroll of teleportation {unknown}
 e - a scroll of enchant weapon {unknown}
 g - a scroll of identify {unknown}
 h - a scroll of blinking {unknown}
Miscellaneous
 c - a piece from Xom's chessboard (15/15) (quivered)


   Skills:
 - Level 3.0 Fighting
 * Level 4.4 Axes
 - Level 1.5 Armour
 - Level 0.7 Dodging


You had 3 spell levels left.
You didn't know any spells.
Your spell library was empty.

Dungeon Overview and Level Annotations

Branches:
Dungeon (2/15)

Altars:

Annotations:
D:2 Natasha


Innate Abilities, Weirdness & Mutations

You are immune to poison.
Your flesh is cold resistant. (rC+)
You are immune to negative energy. (rN+++)
You are immune to unholy pain and torment.
You are vulnerable to heat. (rF-)
You are in touch with the powers of death.
You do not drink.


Message History

Natasha is nearby!
You barely miss Natasha. Natasha claws you but does no damage.
You slash Natasha!
Natasha's magic leaks into the air.
Natasha is heavily wounded.
Natasha completely misses you.
Natasha falters for a moment.
You hit Natasha.
Natasha's magic leaks into the air.
Natasha is severely wounded.
Natasha completely misses you. Natasha claws you.
You completely miss Natasha.
Natasha is severely wounded.
Natasha closely misses you.
You barely miss Natasha.
Natasha is severely wounded.
Natasha's magic is no longer disrupted.
Natasha claws you.
Natasha stares at you and mumbles some strange words.
The magic dart hits you.
You hit Natasha but do no damage.
Natasha is poisoned.
Natasha is severely wounded.
Natasha barely misses you.
You barely miss Natasha.
Natasha is almost dead.
Natasha claws you. x2
* * * LOW HITPOINT WARNING * * *
You closely miss Natasha.
Natasha is almost dead.
Natasha casts a spell at you.
You feel as though you will be slow longer.
Natasha claws you.
* * * LOW HITPOINT WARNING * * *
Okay, then.
You closely miss Natasha.
Natasha is almost dead.
Natasha casts a spell.
You barely miss Natasha.
Natasha is almost dead.
You hit the shadow imp but do no damage.
Natasha claws you but does no damage.
The shadow imp hits you but does no damage.
Natasha claws you!
You die...

#8.8##.# ###.### ##.###.##
#.....# ##.###..######
###.###.#
#8.8###.##...###....##.#
##.####.......#........##
##'##...................##
.####).###...#..........#....##
.......###..##..........##....#
.......##.......@5............#
.###...........h~~~~~~........#
##.###......~~####~~.......#
#.# #......~## ##~÷....#.# #.#
##.....~# #~....##.# #.#
##....~# #~.....#.# #.#
#.....~# #~.......# #.#
......~~ #~~.......# #. .....~
~~~.......##


You could see Natasha (poisoned) and a shadow imp (summoned).

Vanquished Creatures
  Natasha (twice) (D:2)
  An adder (D:2)
  4 dart slugs (D:1)
  An endoplasm (D:1)
  2 giant cockroaches (D:2)
  4 goblins
  4 hobgoblins (D:1)
  2 jackals (D:2)
  A quokka (D:1)
  5 ball pythons
  A bat (D:1)
  5 frilled lizards
  4 kobolds
  3 rats
39 creatures vanquished.

Vanquished Creatures (collateral kills)
  An endoplasm (D:1)
  A giant cockroach (D:1)
  A frilled lizard (D:1)
3 creatures vanquished.

Vanquished Creatures (others)
  A ball python zombie (D:1)
1 creature vanquished.

Grand Total: 43 creatures vanquished

Notes
Turn   | Place    | Note
-------+----------+-------------------------------------------
     0 | D:1      | Zeldest the Mummy Chaos Knight began the quest for the Orb.
     0 | D:1      | Reached XP level 1. HP: 18/18 MP: 1/1
     3 | D:1      | Noticed an electric eel
     4 | D:1      | Noticed an electric eel
    92 | D:1      | XOM: potion effect (brilliance)
    94 | D:1      | Reached skill level 3 in Axes
    94 | D:1      | Reached XP level 2. HP: 22/24 MP: 2/2
   240 | D:1      | XOM: divination: detect items
   282 | D:1      | XOM: potion effect (heal wounds)
   398 | D:1      | XOM: divination: detect creatures
   668 | D:1      | Gained mutation: You are in touch with the powers of death.
                  | [Mummy growth]
   668 | D:1      | Reached XP level 3. HP: 29/29 MP: 3/3
   820 | D:1      | XOM: silly message
  1097 | D:2      | XOM: divination: magic mapping
  1193 | D:2      | XOM: silly message
  1227 | D:2      | Noticed Natasha
  1236 | D:2      | Killed Natasha
  1237 | D:2      | Reached skill level 4 in Axes
  1310 | D:2      | Reached XP level 4. HP: 35/35 MP: 4/4
  1356 | D:2      | Noticed Natasha
  1359 | D:2      | XOM: cast spell 'Call Canine Familiar'
  1366 | D:2      | Killed Natasha
  1505 | D:2      | XOM: silly message
  1530 | D:2      | Noticed Natasha
  1545 | D:2      | Slain by Natasha

Illustrated notes

Levels and vault maps discovered:
D:1:      arrival_aquarium_b, layout_basic, amcnicky_mini_pool_small,
          nicolae_titane
D:2:      layout_loops_ring, shapermc_ecumenical_altar_notcrosses,
          minmay_misc_feat_cross, dk_noncrumbling_2,
          chequers_serial_rivers_small_3, solitary_fountain,
          kennysheep_decorative_pillar, corexii_corridor_pit, uniq_natasha,
          uniq_crazy_yiuf_cottage

Skill      XL: |  1  2  3 |
---------------+----------+-----
Axes           | 3 4 |  4.4
Fighting       | |  3.0
Armour         | |  1.5
Dodging        | |  0.7

Action                   |  1- 3 |  4- 6 || total
-------------------------+-------+-------++-------
Melee: Hand axe          |    98 |    34 ||   132
       Punch             |     3 |       ||     3
Armor: Leather armour    |    13 |       ||    13
       Scale mail        |    29 |    13 ||    42
Dodge: Dodged            |    48 |    20 ||    68
